 Dungeon Crawl Stone Soup version 0.24.1-14-gf8d2b509d9 (webtiles) character file.

Game seed: 2413097502349417075, levelgen mode: deterministic

85 Amplified the Firebug (level 4, -9/36 HPs)
             Began as a Hill Orc Fire Elementalist on May 20, 2020.
             Mangled by Natasha (12 damage)
             ... on level 2 of the Dungeon.
             The game lasted 00:05:10 (2328 turns).

Amplified the Firebug (Hill Orc Fire Elementalist)  Turns: 2328, Time: 00:05:10

Health: -9/36      AC:  2    Str: 16    XL:     4   Next: 48%
Magic:  6/6        EV: 12    Int: 15    God:
Gold:   134        SH:  0    Dex: 11    Spells: 2/6 levels left

rFire    . . .     SeeInvis .   e - +0 hunting sling
rCold    . . .     Gourm    .   (no shield)
rNeg     . . .     Faith    .   a - +0 robe
rPois    .         Spirit   .   (no helmet)
rElec    .         Reflect  .   (no cloak)
rCorr    .         Harm     .   (no gloves)
MR       .....                  (no boots)
Stlth    +.........             (no amulet)
HPRegen  0.12/turn              (no ring)
MPRegen  0.10/turn              (no ring)

@: confused, mighty
A: no striking features
a: no special abilities


You were on level 2 of the Dungeon.
You were not hungry.

You visited 1 branch of the dungeon, and saw 3 of its levels.

You collected 134 gold pieces.

Inventory:

Hand Weapons
 e - a +0 hunting sling (weapon)
Missiles
 g - 65 stones (quivered)
 h - 6 datura-tipped darts
Armour
 a - a +0 robe (worn)
 d - a +0 scale mail
Potions
 b - a potion of might
 k - a potion of agility {unknown}
Comestibles
 c - a ration
 i - 2 chunks of flesh


   Skills:
 * Level 2.2 Fighting
   Level 1.1 Maces & Flails
 * Level 0.5 Slings
 + Level 1.8 Armour
 + Level 2.2 Dodging
 - Level 1.5 Stealth
 - Level 1.5 Spellcasting
 - Level 1.0 Conjurations
 + Level 3.6 Fire Magic


You had 2 spell levels left.
You knew the following spells:

 Your Spells              Type           Power        Failure   Level  Hunger
a - Flame Tongue          Conj/Fire      #....        9%          1    ##.....
b - Conjure Flame         Conj/Fire      #.......     26%         3    ####...

Your spell library contained the following spells:

 Spells                   Type           Power        Failure   Level  Hunger
 Throw Flame              Conj/Fire      #.....       14%         2    ###....
 Inner Flame              Hex/Fire       #.......     32%         3    ####...
 Sticky Flame             Conj/Fire      #.......     65%         4    #####..
 Fireball                 Conj/Fire      #.........   94%         5    ######.


Dungeon Overview and Level Annotations

Branches:
Dungeon (3/15)

Altars:

Annotations:
D:2 Natasha


Message History

Press: ? - help, Shift-Dir - straight line, f - Natasha
Aim: Natasha (fast, unusually strong, frenzied and insane)
You shoot a stone. The stone barely misses Natasha.
Natasha barely misses you. Natasha claws you!
Firing (i - inventory. (/) - cycle)
g - 66 stones (quivered)
Press: ? - help, Shift-Dir - straight line, f/p - Natasha
Aim: Natasha (fast, unusually strong, frenzied and insane)
You shoot a stone.
The stone hits Natasha but does no damage.
Natasha misses you. Natasha closely misses you.
You aren't carrying any scrolls.
Unknown command.
It was a potion of magic.
Magic courses through your body. Natasha claws you!
* * * LOW HITPOINT WARNING * * *
It was a potion of ambrosia.
You are confused.
You feel invigorated. Natasha claws you.
* * * LOW HITPOINT WARNING * * *
Natasha claws you!
You die...

....# #.# #.# # ....#
#.# ###.###### ...##
#.#####...>..... .###
#.#....<........ .#
#.#.###.#l##.### ##
#.#.# #.#.##.
#.#.###.#l##.#
#########.#.##$.#l##.#
.......@h.†.#.#.#....###
.####.####...###........
#........(.#........#
#..####..##.(..[.....
####..##.####....#
.........####....#
.####.............#
..................#
####..(#####.##.##


You could see the neutral Natasha (insane).

Vanquished Creatures
  An adder (D:3)
  A dart slug (D:1)
  A leopard gecko (D:1)
  2 orcs
  3 giant cockroaches
  8 goblins
  6 hobgoblins
  7 jackals
  A quokka (D:2)
  6 bats
  2 frilled lizards (D:1)
  6 kobolds
  A leopard gecko skeleton (D:3)
  9 rats
54 creatures vanquished.

Vanquished Creatures (collateral kills)
  An iguana (D:2)
1 creature vanquished.

Grand Total: 55 creatures vanquished

Notes
Turn   | Place    | Note
-------+----------+-------------------------------------------
     0 | D:1      | Amplified the Hill Orc Fire Elementalist began the quest
                  | for the Orb.
     0 | D:1      | Reached XP level 1. HP: 14/14 MP: 3/3
   420 | D:1      | Reached XP level 2. HP: 22/22 MP: 2/4
   733 | D:1      | Reached skill level 1 in Armour
   750 | D:1      | Reached skill level 1 in Fighting
   854 | D:1      | You fall into a shaft and drop 1 floor!
   904 | D:2      | Reached XP level 3. HP: 27/28 MP: 2/5
   995 | D:2      | Noticed Natasha
  1057 | D:3      | Reached skill level 1 in Maces & Flails
  1778 | D:1      | Reached XP level 4. HP: 36/36 MP: 6/6
  1950 | D:1      | Learned a level 3 spell: Conjure Flame
  2328 | D:2      | Mangled by Natasha

Levels and vault maps discovered:
D:1:      shiori_shiawase, layout_basic
D:2:      layout_loops_ring, gammafunk_temple_overflow_wave, uniq_natasha
D:3:      layout_basic, first_ration, eino_tiny_chamber, lemuel_another_geyser,
          uniq_grinder

Skill      XL: |  1  2  3  4 |
---------------+-------------+-----
Armour         | 1 |  1.8
Fighting       | 1 2 |  2.2
Dodging        | 2 |  2.2
Maces & Flails | 1 |  1.1
Slings         | |  0.5
Stealth        | |  1.5
Spellcasting   | |  1.5
Conjurations   | |  1.0
Fire Magic     | |  3.6

Action                   |  1- 3 |  4- 6 || total
-------------------------+-------+-------++-------
Melee: Club              |    69 |       ||    69
 Fire: Hunting sling     |    33 |    63 ||    96
Throw: Stone             |     1 |       ||     1
       Dart              |       |     1 ||     1
 Cast: Flame Tongue      |    42 |       ||    42
  Use: Potion            |     2 |     3 ||     5
       Scroll            |     6 |     3 ||     9
  Eat: Chunk             |     4 |     2 ||     6
Armor: Robe              |    18 |     2 ||    20
       Skin              |    96 |       ||    96
Dodge: Dodged            |    83 |    22 ||   105
